 Dungeon Crawl Stone Soup version 0.21.1-1-g345015f (webtiles) character file.

28 shakethe the Firebug (level 3, -1/19 HPs)
             Began as a Gargoyle Fire Elementalist on Feb 8, 2018.
             Slain by Terence
             ... wielding a +0 flail
              (6 damage)
             ... on level 2 of the Dungeon.
             The game lasted 00:02:40 (1276 turns).

shakethe the Firebug (Gargoyle Fire Elementalist)   Turns: 1276, Time: 00:02:40

Health: -1/19      AC:  5    Str: 11    XL:     3   Next: 14%
Magic:  2/6        EV: 12    Int: 16    God:
Gold:   74         SH:  0    Dex: 10    Spells: 5/6 levels left

rFire    . . .     SeeInvis .   h - +0 club
rCold    . . .     Gourm    .   (no shield)
rNeg     + . .     Faith    .   a - +0 robe
rPois    ∞         Spirit   .   (no helmet)
rElec    +         Reflect  .   (no cloak)
rCorr    .         Harm     .   (no gloves)
MR       .....                  (no boots)
Stlth    ++........             (no amulet)
HPRegen  0.06/turn              (no ring)
MPRegen  0.10/turn              (no ring)

@: very slightly contaminated
A: negative energy resistance 1, electricity resistance, unbreathing,
petrification resistance, rot immunity, AC +3
a: no special abilities


You were on level 2 of the Dungeon.
You were hungry.

You visited 1 branch of the dungeon, and saw 2 of its levels.

You collected 74 gold pieces.

Inventory:

Hand Weapons
 h - a +0 club (weapon)
   (You took it off a goblin on level 1 of the Dungeon)
Armour
 a - a +0 robe (worn)
Jewellery
 k - a cursed ring of loudness {unknown}
   (You found it on level 1 of the Dungeon)
Scrolls
 j - a scroll of remove curse {unknown}
Potions
 d - a potion of mutation {unknown}
 e - a potion of agility {unknown}
 g - a potion of haste {unknown}
Books
 b - a book of Flames
Comestibles
 c - 2 rations


   Skills:
 - Level 1.5 Dodging
 - Level 2.1 Stealth
 + Level 2.3 Spellcasting
 + Level 1.8 Conjurations
 * Level 3.6 Fire Magic


You had 5 spell levels left.
You knew the following spells:

 Your Spells              Type           Power        Failure   Level  Hunger
a - Flame Tongue          Conj/Fire      ##...        6%          1    #......


Dungeon Overview and Level Annotations

Branches:
Dungeon (2/15)

Altars:

Annotations:
D:2 Terence


Innate Abilities, Weirdness & Mutations

You are resistant to torment.
Your stone body is resilient. (AC +3)
You are immune to poison.
You resist negative energy. (rN+)
You are resistant to electric shocks. (rElec)
You can survive without breathing.
You are immune to petrification.
You are immune to rotting.


Message History

You hit the rat. The rat barely misses you. x2
You hit the rat.
You kill the rat!
You see here a rat corpse.
You are feeling very hungry.
You butcher the rat corpse.
f - a chunk of flesh {@w0} Eating a chunk of flesh {@w0}.
You eat the chunk of flesh {@w0}.
A kobold comes into view. It is wielding a short sword.
You closely miss the kobold. The kobold misses you.
You hit the kobold but do no damage. The kobold hits you but does no damage.
The kobold misses you.
You closely miss the kobold. The kobold closely misses you.
You barely miss the kobold. The kobold hits you with a short sword.
You take 1 damage, and have 18/19 hp.
You barely miss the kobold. The kobold closely misses you.
The kobold barely misses you.
You barely miss the kobold. The kobold hits you with a short sword.
You take 4 damage, and have 14/19 hp.
MASSIVE DAMAGE!!
You barely miss the kobold. The kobold barely misses you.
You closely miss the kobold. The kobold closely misses you.
You hit the kobold.
You kill the kobold!
You now have 74 gold pieces (gained 15).
Things that are here:
a short sword; a kobold corpse A rat comes into view.
The rat closely misses you.
You closely miss the rat. The rat closely misses you.
You closely miss the rat. The rat barely misses you.
You hit the rat. The rat closely misses you. x2
You barely miss the rat. The rat barely misses you.
You hit the rat.
You kill the rat!
You see here a rat corpse.
You are feeling hungry.
Health restored: 19 Done exploring.
Done exploring.
Done exploring.
There is a stone staircase leading down here.
You climb downwards.
There is a stone staircase leading up here.
Found a stone staircase leading down.
There is a stone staircase leading up here.
There is a stone staircase leading down here.
You open the door.
Terence the Incautious comes into view.
He is wielding a flail.
Terence shouts!
A quokka comes into view.
Aim: Terence, wielding a flail and wearing a runed scale mail The flame tongue hits Terence.
Terence resists.
You now have 5/6 mp.
Aim: Terence, wielding a flail and wearing a runed scale mail (lightly wounded)
The flame tongue hits Terence.
Terence appears unharmed.
You now have 4/6 mp.
Aim: Terence, wielding a flail and wearing a runed scale mail (lightly wounded)
You miscast Flame Tongue.
You are very lightly contaminated with residual magic.
Your skin glows momentarily.
Terence hits you but does no damage.
You now have 3/6 mp.
Aim: Terence, wielding a flail and wearing a runed scale mail (lightly wounded)
The flame tongue hits Terence.
Terence appears unharmed.
You now have 2/6 mp.
Unknown command.
Aim: Terence, wielding a flail and wearing a runed scale mail (lightly wounded)
The flame tongue misses Terence.
The flame tongue hits the quokka.
Terence hits you but does no damage.
You now have 1/6 mp.
Aim: Terence, wielding a flail and wearing a runed scale mail (lightly wounded)
The flame tongue hits Terence.
Terence resists.
Terence hits you with a flail.
You take 5 damage, and have 14/19 hp.
MASSIVE DAMAGE!!
You now have 0/6 mp.
You don't have enough magic to cast that spell.
You can't go up here!
You hit Terence. Terence barely misses you.
You hit Terence. Terence closely misses you.
You hit Terence but do no damage. Terence hits you but does no damage.
You barely miss Terence.
Terence drinks a potion.
Terence is healed!
Terence hits you with a flail.
You take 4 damage, and have 10/19 hp.
MASSIVE DAMAGE!!
You barely miss Terence. Terence closely misses you.
You barely miss Terence. Terence hits you with a flail.
You take 2 damage, and have 8/19 hp.
You hit Terence. Terence closely misses you.
You hit Terence. Terence closely misses you.
You hit Terence. Terence hits you with a flail.
* * * LOW HITPOINT WARNING * * *
You take 3 damage, and have 5/19 hp.
You barely miss Terence. Terence misses you.
You hit Terence but do no damage. Terence barely misses you.
You closely miss Terence. Terence hits you with a flail.
* * * LOW HITPOINT WARNING * * *
You take 1 damage, and have 5/19 hp.
You closely miss Terence. Terence hits you with a flail.
You die...

#.........#
+.........+
....?....
.......
..... .r.
#@# #####
#@# #...#
#.# #<#.#
##.## #.#.#
##...##
#.####.#.#
#.....#####.
#........#
##..........
######...#
#..########
#...####..#
##..>.....#


You could see Terence and a quokka.

Vanquished Creatures
  A dart slug (D:1)
  2 giant cockroaches (D:1)
  3 goblins (D:1)
  2 jackals (D:1)
  A ball python (D:1)
  6 bats (D:1)
  A frilled lizard (D:1)
  5 kobolds (D:1)
  5 rats (D:1)
26 creatures vanquished.

Notes
Turn   | Place    | Note
-------+----------+-------------------------------------------
     0 | D:1      | shakethe the Gargoyle Fire Elementalist began the quest for the Orb.
     0 | D:1      | Reached XP level 1. HP: 10/10 MP: 3/3
   145 | D:1      | Reached XP level 2. HP: 15/15 MP: 3/5
   945 | D:1      | Reached XP level 3. HP: 19/19 MP: 4/6
  1257 | D:2      | Noticed Terence
  1276 | D:2      | Slain by Terence

Action                   || total
-------------------------++-------
Melee: Unarmed           ||   102
       Club              ||    34
 Cast: Flame Tongue      ||    28
 Stab: Sleeping          ||     2
  Eat: Chunk             ||     1
Armor: Robe              ||    49
Dodge: Dodged            ||   116

Vault maps used:
D:1:      dpeg_arrival_tiny_a
D:2:      uniq_terence

Table legend:
 A = Turns spent in this place as a percentage of turns spent in the entire game.
 B = Non-inter-level travel turns spent in this place as a percentage of non-inter-level travel turns spent in the entire game.
 C = Inter-level travel turns spent in this place as a percentage of turns spent in this place.
 D = Turns resting spent in this place as a percentage of non-inter-level travel turns spent in this place.
 E = Turns spent auto-exploring this place as a percentage of non-inter-level travel turns spent in this place.
 F = Non-inter-level travel turns spent in this place divided by the number of levels of this place that you've seen.
                   A       B       C       D       E      F
               +-------+-------+-------+-------+-------+----------------------
         Total | 100.0 | 100.0 |   0.0 |  18.7 |  47.8 | 638.0
       Dungeon | 100.0 | 100.0 |   0.0 |  18.7 |  47.8 | 638.0
               +-------+-------+-------+-------+-------+----------------------

Table legend:
 A = Kills in this place as a percentage of kills in entire the game.
 B = Kills by you in this place as a percentage of kills by you in the entire game.
 C = Kills by friends in this place as a percentage of kills by friends in the entire game.
 D = Other kills in this place as a percentage of other kills in the entire game.
 E = Experience gained in this place as a percentage of experience gained in the entire game.
 F = Experience gained in this place divided by the number of levels of this place that you have seen.
                   A       B       C       D       E      F
               +-------+-------+-------+-------+-------+----------------------
         Total | 100.0 | 100.0 |   N/A |   N/A | 100.0 |  20.5
       Dungeon | 100.0 | 100.0 |   N/A |   N/A | 100.0 |  20.5
               +-------+-------+-------+-------+-------+----------------------
